 Dungeon Crawl Stone Soup version 0.28.0-1-gb440e238dd (webtiles) character file.

Game seed: 10765954254979341619

829 sanka the Nimble (level 7, -1/47 HPs)
             Began as a Merfolk Conjurer on Feb 22, 2022.
             Was a High Priest of Ignis.
             Killed by divine providence
             ... invoked by an orc priest
              (12 damage)
             ... on level 5 of the Dungeon.
             The game lasted 00:06:11 (5995 turns).

sanka the Nimble (Merfolk Conjurer)                 Turns: 5995, Time: 00:06:12

Health: -1/47      AC:  4    Str:  7    XL:     7   Next: 97%
Magic:  10/10      EV: 16    Int: 18    God:    Ignis [*****.]
Gold:   289        SH:  0    Dex: 14    Spells: 7/10 levels left

rFire   + . .      SeeInvis .   b - +0 trident (protect)
rCold   . . .      Faith    .   (no shield)
rNeg    . . .      Spirit   .   d - +0 robe
rPois   .          Reflect  .   x - +0 helmet
rElec   .          Harm     .   (no cloak)
rCorr   .          Rampage  .   n - +0 pair of gloves
Will    +....                   (no boots)
Stlth   ++........              m - amulet of magic regeneration
HPRegen 0.15/turn               y - ring of willpower
MPRegen 0.52/turn               (no ring)

@: no status effects
A: (nimble swimmer 2), mertail
a: Renounce Religion, Fiery Armour, Foxfire Swarm, Rising Flame


You were on level 5 of the Dungeon.
You worshipped Ignis.
Ignis was extremely pleased with you.
You visited 1 branch of the dungeon, and saw 5 of its levels.

You collected 289 gold pieces.

Inventory:

Hand Weapons
 a - a +0 dagger of venom
 b - a +0 trident of protection (weapon)
Missiles
 s - a throwing net
Armour
 d - a +0 robe (worn)
 n - a +0 pair of gloves (worn)
 x - a +0 helmet (worn)
Jewellery
 m - an amulet of magic regeneration (around neck)
 y - a ring of willpower (left hand)
Wands
 o - a wand of polymorph (9)
 z - a wand of mindburst (8)
Scrolls
 c - 3 scrolls of enchant armour {unknown}
 e - 5 scrolls of identify {unknown}
 i - a scroll of fog {unknown}
 j - a scroll of noise {unknown}
 l - 3 scrolls of enchant weapon {unknown}
 p - a scroll of fear {unknown}
 q - a scroll of silence {unknown}
 u - a scroll of summoning {unknown}
 v - a scroll of amnesia {unknown}
 B - a scroll of vulnerability {unknown}
Potions
 f - 4 potions of heal wounds {unknown}
 g - 2 potions of mutation {unknown}
 h - a potion of ambrosia {unknown}
 k - 3 potions of lignification {unknown}
 r - a potion of cancellation {unknown}
 t - a potion of magic {unknown}
 w - a potion of flight {unknown}


   Skills:
 + Level 0.3 Fighting
 + Level 0.6 Polearms
 - Level 10.0 Dodging
 - Level 2.1 Stealth
 - Level 2.0 Spellcasting
 - Level 5.0 Conjurations


You had 7 spell levels left.
You knew the following spells:

 Your Spells              Type           Power      Damage    Failure   Level
a - Magic Dart            Conj           76%        1d6       2%          1
b - Searing Ray           Conj           38%        2d5       3%          2

Your spell library contained the following spells:

 Spells                   Type           Power      Damage    Failure   Level
 Sandblast                Erth           2%         2d4       19%         1
 Dazzling Flash           Conj/Hex       20%        N/A       19%         3
 Stone Arrow              Conj/Erth      20%        3d8       19%         3
 Ensorcelled Hibernation  Hex/Ice        2%         N/A       26%         2
 Passwall                 Tmut/Erth      0%         N/A       26%         2
 Spider Form              Tmut/Pois      1%         N/A       47%         3
 Fulminant Prism          Conj/Hex       5%         3d7       54%         4
 Iskenderun's Mystic Bla  Conj/Tloc      10%        2d4       54%         4
 Anguish                  Hex/Necr       0%         N/A       87%         4


Dungeon Overview and Level Annotations

Branches:
Dungeon (5/15)
 Temple: D:4-7

Altars:
Uskayaw
Zin
Ignis


Innate Abilities, Weirdness & Mutations

((You are very nimble when in or above water. (Stealth+, EV+, Speed+++)))
Your lower body shifts to a powerful aquatic tail in water.


Message History

You hear a shout!
The orc priest barely misses you.
You hit the orc priest but do no damage.
The orc priest is moderately wounded.
The orc priest hits you but does no damage.
You hit the orc priest but do no damage.
The orc priest is moderately wounded.
The orc priest misses you. The orc misses you. The orc priest misses you.
The orc priest blocks your attack.
The orc priest is moderately wounded.
The orc completely misses you.
The orc priest hits you but does no damage.
The orc priest blocks your attack.
The orc priest is moderately wounded.
The orc closely misses you.
The orc priest hits you with a +0 hand axe.
The gnoll misses you. The orc priest blocks your attack.
The orc priest is moderately wounded.
The orc closely misses you.
The orc priest hits you with a +0 hand axe.
The gnoll barely misses you. The orc hits you with a +0 war axe!
The orc priest blocks your attack.
The orc priest is moderately wounded.
The orc priest mumbles some strange prayers to Beogh against you.
Beogh smites you! The gnoll misses you. The orc hits you with a +0 war axe.
The orc priest barely misses you.
Unknown command.
The orc priest blocks your attack.
The orc priest is moderately wounded.
A centaur comes into view.
The gnoll barely misses you. The orc hits you with a +0 war axe!
* * * LOW HITPOINT WARNING * * *
The orc priest barely misses you.
The centaur shouts!
The centaur wields a +0 shortbow.
The centaur shoots an arrow.
The arrow barely misses you.
The orc priest invokes the aid of Beogh against you.
Beogh smites you!
You die...

.#######..###.#
#....#.####### .# ###
#..###.######.####.##.....
.#######.[##.........#
#)##.####
...'_'...###.........#
#.##.# .###'###.#
#.........# #....# .# #.#
#.# #.........# ######
.###.###.#
#.........###########
.........#
####................##
...#######
#.@..............#. ####
#.go...).........#.
#o.................
#................##
#.........#####.###
#.........# #....
#......c..#########
####.#.............
#...........####.


You could see a centaur, an orc priest, a gnoll and an orc.

Vanquished Creatures
  An ice beast (D:5)
  3 centaurs
  A water moccasin skeleton (D:5)
  A howler monkey (D:3)
  A bullfrog zombie (D:5)
  3 hounds
  A jelly (D:5)
  A centaur skeleton (D:5)
  2 iguanas (D:5)
  Natasha (thrice) (D:3)
  4 adders
  2 gnolls (D:5)
  A dart slug (D:4)
  An orc (D:5)
  7 ball pythons
  7 endoplasms
  4 giant cockroaches
  9 goblins
  4 hobgoblins
  3 jackals (D:2)
  6 kobolds
  4 quokkas
  2 bats (D:1)
  3 frilled lizards
  2 rats
76 creatures vanquished.

Vanquished Creatures (others)
  A demonic plant (D:2)
1 creature vanquished.

Grand Total: 77 creatures vanquished

Notes
Turn   | Place    | Note
-------+----------+-------------------------------------------
     0 | D:1      | sanka the Merfolk Conjurer began the quest for the Orb.
     0 | D:1      | Reached XP level 1. HP: 13/13 MP: 3/3
   158 | D:1      | Reached XP level 2. HP: 19/19 MP: 0/5
   214 | D:1      | Learned a level 2 spell: Searing Ray
  1096 | D:1      | Reached XP level 3. HP: 12/24 MP: 1/6
  1994 | D:2      | Found a hide-covered altar of Uskayaw.
  2005 | D:2      | Reached XP level 4. HP: 30/30 MP: 2/7
  2395 | D:2      | Found a faded altar of an unknown god.
  2410 | D:2      | Prayed at the altar of an unknown god.
  2410 | D:2      | Became a worshipper of Ignis, the Dying Flame
  2657 | D:3      | Noticed Natasha
  2662 | D:3      | Killed Natasha
  2726 | D:3      | Reached skill level 5 in Conjurations
  2766 | D:3      | Reached skill level 3 in Dodging
  2766 | D:3      | Reached XP level 5. HP: 16/35 MP: 8/8
  3070 | D:3      | Noticed Natasha
  3078 | D:3      | Killed Natasha
  3079 | D:3      | Reached skill level 4 in Dodging
  3164 | D:3      | Noticed Natasha
  3169 | D:3      | Killed Natasha
  3719 | D:4      | Reached skill level 5 in Dodging
  3747 | D:4      | Noticed a centaur
  3756 | D:4      | Killed a centaur
  3757 | D:4      | Reached skill level 6 in Dodging
  3757 | D:4      | Reached XP level 6. HP: 20/41 MP: 9/9
  4144 | D:5      | Entered Level 5 of the Dungeon
  4581 | D:5      | Reached skill level 7 in Dodging
  4793 | D:5      | Reached XP level 7. HP: 32/46 MP: 10/10
  4988 | D:5      | Reached skill level 8 in Dodging
  5332 | D:5      | Identified the +7 plate armour of Paranoia {rN+ Regen+
                  | Int+5 Slay-6}
  5349 | D:5      | Reached skill level 9 in Dodging
  5601 | D:5      | Found a glowing silver altar of Zin.
  5762 | D:5      | Reached skill level 10 in Dodging
  5995 | D:5      | Killed from afar by an orc priest

Illustrated notes

Levels and vault maps discovered:
D:1:      psy_arrival_radial01, layout_basic, minmay_misc_feat_enclosed
D:2:      minmay_inner_zag, layout_loops_ring, shapermc_ecumenical_altar_gd,
          basic_altar, st_stairs_3, minmay_split_cup_small
D:3:      layout_rooms, minivault_24, uniq_natasha
D:4:      layout_rooms
D:5:      layout_basic, lemuel_doored_altar, gammafunk_ghost_mausoleum

Skill      XL: |  1  2  3  4  5  6  7 |
---------------+----------------------+-----
Conjurations   | 4 5 |  5.0
Dodging        | 3 6 7 10 | 10.0
Fighting       | |  0.3
Polearms       | |  0.6
Stealth        | |  2.1
Spellcasting   | |  2.0

Action                   |  1- 3 |  4- 6 |  7- 9 || total
-------------------------+-------+-------+-------++-------
Melee: Dagger            |    14 |    70 |    39 ||   123
       Unarmed           |     2 |       |       ||     2
       Punch             |       |     2 |     2 ||     4
       Trident           |       |       |    51 ||    51
 Cast: Magic Dart        |    67 |    59 |    23 ||   149
       Searing Ray       |       |     1 |       ||     1
 Stab: Sleeping          |       |     1 |       ||     1
Armor: Robe              |     2 |    24 |    21 ||    47
Dodge: Dodged            |    11 |    64 |   100 ||   175
